 Dungeon Sprint DCSS version 0.29-a0-409-gd843f3a48c (webtiles) character file.

Game seed: 8484695664623726493

7600000 Zeld the Conqueror (level 26, -7/307 HPs)
             Began as a Demonspawn Monk on May 14, 2022.
             Was the Champion of Makhleb.
             Engulfed by a cloud of flame (22 damage)
             ... in the Dungeon (Sprint VIII: "Arena of Blood").
             The game lasted 00:01:47 (76 turns).

Zeld the Conqueror (Demonspawn Monk)                  Turns: 76, Time: 00:01:47

Health: -7/307     AC:  6    Str: 23    XL:     26   Next: 37%
Magic:  46/46      EV: 33    Int: 12    God:    Makhleb [******]
Gold:   0          SH:  0    Dex: 16    Spells: 64/64 levels left

rFire   . . .      SeeInvis .   i - +∞ Axe of Woe
rCold   . . .      Faith    .   (shield currently unavailable)
rNeg    . . .      Spirit   .   a - +0 robe
rPois   .          Reflect  .   (no helmet)
rElec   .          Harm     .   (cloak unavailable)
rCorr   .          Rampage  .   (no gloves)
Will    +....      NoTele   +   (no boots)
Stlth   ++++++++++              (no amulet)
HPRegen 0.61/turn               (no ring)
MPRegen 0.30/turn               (no ring)

@: mighty, agile, slowed, very slow
A: rugged brown scales 3, powered by pain 3, robust 2, demonic magic 3, weakness
stinger 3
a: Renounce Religion, Minor Destruction, Lesser Servant of Makhleb, Major
Destruction, Greater Servant of Makhleb


You were in the Dungeon.
You worshipped Makhleb.
Makhleb was exalted by your worship.
You visited 1 branch

Inventory:

Hand Weapons
 i - the +∞ Axe of Woe (weapon)
   (You found it in the Dungeon)
Armour
 a - a +0 robe (worn)
Scrolls
 h - a scroll of blinking
Potions
 b - a potion of ambrosia
 c - a potion of curing
 d - a potion of heal wounds
 e - a potion of haste
 f - 2 potions of magic
 g - a potion of berserk rage


   Skills:
 O Level 27 Fighting
 + Level 19.9(23.1) Short Blades
 + Level 19.9(23.1) Long Blades
 O Level 27 Axes
 + Level 19.9(27) Maces & Flails
 + Level 19.9(27) Polearms
 + Level 19.9(25.7) Staves
 + Level 19.9(23.1) Slings
 + Level 19.9 Bows
 + Level 19.9 Crossbows
 + Level 19.9(23.1) Throwing
 + Level 19.9 Armour
 O Level 27 Dodging
 O Level 27 Stealth
 + Level 19.9 Shields
 O Level 27 Unarmed Combat
 + Level 19.9 Spellcasting
 + Level 21.5 Conjurations
 + Level 21.5 Hexes
 + Level 21.5 Summonings
 + Level 23.2 Necromancy
 + Level 19.9 Translocations
 + Level 19.9 Transmutations
 + Level 19.9 Fire Magic
 + Level 19.9 Ice Magic
 + Level 19.9 Air Magic
 + Level 19.9 Earth Magic
 + Level 21.5 Poison Magic
 + Level 26.9 Invocations
 + Level 21.5 Evocations


You had 64 spell levels left.
You didn't know any spells.
Your spell library was empty.

Dungeon Overview and Level Annotations

Branches:
Dungeon (1/1)

Altars:
Makhleb


Innate Abilities, Weirdness & Mutations

You are completely covered in rugged brown scales. (AC +3, +7% HP)
You are powered by pain.
You are very robust. (+20% HP)
Spells you cast and wands you use may paralyse nearby enemies.
You have a sharp stinger which inflicts weakening toxins.


Message History

A dread comes into view.
You hear a shout! x2
The dread calls on the powers of darkness!
The meat berserker convulses!
Your body is wracked with pain!
You hear a shout!
A bag of meat comes into view. It is wielding a +9 war axe.
You hear a shout!
An accursed comes into view.
A bolt of negative energy appears from out of thin air!
Deactivating autopickup; reactivate with Ctrl-A.
The bolt of negative energy hits you!!!!
You feel drained.
* * * LOW HITPOINT WARNING * * *
You hear a shout!
A bag of meat comes into view. It is wielding a +9 war axe.
You hear a shout! x3; You hear two shouts!
Your life force feels restored.
Your Necromancy skill increases to level 23!
Unknown command.
Unknown command.
Unknown command.
You are too injured to fight recklessly!
Unknown command.
The bag of meat shouts! x2
You open the bag of meat like a pillowcase!!!
You slaughter the bag of meat joyfully.
You kill the bag of meat!
Makhleb accepts your kill.
You feel better.
You slash the large bag of meat!
Flame seeps out of the large bag of meat.
You fatally mangle the large bag of meat.
Makhleb accepts your kill.
You slice the meat berserker!!
You hew the meat berserker savagely.
You kill the meat berserker!
Makhleb accepts your kill.
The large bag of meat explodes!
The fiery explosion engulfs you!!!
* * * LOW HITPOINT WARNING * * *
You are engulfed in blazing flames.
You die... .W ....o #.. ...# #.. ..O# .
W###.2 .o.###... o.....###......o. .....O_.....
Vo.

#.))).# ....
#_)@)_# .....
..#O)§○)#.§§...
......{)_))o......
.......###........
..###.. .O.###...
. #.. ..O2# ..
#.......#
...2oo.M.
.....VO....


You could see an accursed, 2 meat beasts, a large bag of meat (inner flame), 2
dreads, 4 meat berserkers and 4 bags of meat.

Vanquished Creatures
  A hell beast (D)
  2 royal mummies (D)
  12 vampire knights (D)
  22 ogres (D)
  4 two-headed ogres (D)
  2 liches (D)
  A hydra (D)
  A phantom (D)
  38 orcs (D)
  2 skeletal warriors (D)
85 creatures vanquished.

Notes
Turn   | Place    | Note
-------+----------+-------------------------------------------
     0 | D        | Found the +∞ Axe of Woe
     0 | D        | Zeld the Demonspawn Monk began the quest for the Orb.
     0 | D        | Reached XP level 1. HP: 18/18 MP: 1/1
     3 | D        | Noticed a bag of meat
     4 | D        | Became a worshipper of Makhleb the Destroyer
     4 | D        | Reached * piety under Makhleb
     4 | D        | Reached ** piety under Makhleb
     5 | D        | Noticed a bag of meat
     5 | D        | Noticed a bag of meat
     5 | D        | Noticed a meat berserker
     5 | D        | Noticed a bag of meat
     5 | D        | Noticed a bag of meat
     7 | D        | Killed a meat berserker
     7 | D        | Noticed a bag of meat
     7 | D        | Noticed a bag of meat
     8 | D        | Reached skill level 15 in Dodging
     8 | D        | Reached skill level 15 in Unarmed Combat
     8 | D        | Gained mutation: You are partially covered in rugged brown
                  | scales. (AC +1, +3% HP) [demonic ancestry]
     8 | D        | Reached XP level 2. HP: 40/48 MP: 2/2
     8 | D        | Reached XP level 3. HP: 46/54 MP: 3/3
     8 | D        | Reached XP level 4. HP: 52/61 MP: 4/4
     8 | D        | Gained mutation: You have a small tail. [demonic ancestry]
     8 | D        | Reached XP level 5. HP: 58/69 MP: 5/5
     8 | D        | Reached XP level 6. HP: 64/76 MP: 6/6
     8 | D        | Gained mutation: Spells you cast may paralyse adjacent
                  | enemies. [demonic ancestry]
     8 | D        | Reached XP level 7. HP: 69/82 MP: 7/7
     8 | D        | Gained mutation: You sometimes gain a little power by
                  | taking damage. [demonic ancestry]
     8 | D        | Reached XP level 8. HP: 75/89 MP: 8/8
     8 | D        | Reached XP level 9. HP: 81/96 MP: 9/9
     8 | D        | Reached XP level 10. HP: 88/104 MP: 10/10
     8 | D        | Reached XP level 11. HP: 93/110 MP: 11/11
     8 | D        | Killed a bag of meat
     8 | D        | Noticed a bag of meat
     9 | D        | Reached skill level 1 in Axes
     9 | D        | Gained mutation: You are mostly covered in rugged brown
                  | scales. (AC +2, +5% HP) [demonic ancestry]
     9 | D        | Reached XP level 12. HP: 113/122 MP: 12/12
     9 | D        | Noticed a bag of meat
     9 | D        | Killed a bag of meat
     9 | D        | Reached *** piety under Makhleb
     9 | D        | Killed a bag of meat
     9 | D        | Killed a bag of meat
     9 | D        | Noticed a bag of meat
    10 | D        | Gained mutation: You sometimes gain power by taking damage.
                  | [demonic ancestry]
    10 | D        | Reached XP level 13. HP: 90/136 MP: 13/13
    10 | D        | Killed a bag of meat
    10 | D        | Killed a bag of meat
    10 | D        | Reached **** piety under Makhleb
    11 | D        | Gained mutation: Spells you cast may paralyse nearby
                  | enemies. [demonic ancestry]
    11 | D        | Reached XP level 14. HP: 133/148 MP: 14/14
    11 | D        | Killed a bag of meat
    11 | D        | Killed a bag of meat
    11 | D        | Noticed a meat berserker
    12 | D        | Reached skill level 10 in Stealth
    12 | D        | Killed a bag of meat
    12 | D        | Reached ***** piety under Makhleb
    12 | D        | Noticed a bag of meat
    12 | D        | Noticed a meat berserker
    12 | D        | Noticed a meat berserker
    13 | D        | Gained mutation: Spells you cast and wands you use may
                  | paralyse nearby enemies. [demonic ancestry]
    13 | D        | Reached XP level 15. HP: 160/160 MP: 15/15
    13 | D        | Noticed a meat berserker
    15 | D        | Killed a meat berserker
    16 | D        | Killed a meat berserker
    16 | D        | Noticed a meat berserker
    16 | D        | Noticed a meat berserker
    17 | D        | Reached XP level 16. HP: 79/174 MP: 16/16
    17 | D        | Killed a meat berserker
    17 | D        | Killed a meat berserker
    17 | D        | Noticed a meat berserker
    18 | D        | Reached skill level 27 in Fighting
    18 | D        | Noticed a meat berserker
    19 | D        | Noticed a large bag of meat
    20 | D        | Killed a meat berserker
    20 | D        | Reached ****** piety under Makhleb
    21 | D        | Reached skill level 27 in Dodging
    21 | D        | Reached skill level 27 in Unarmed Combat
    21 | D        | Reached XP level 17. HP: 66/182 MP: 17/17
    21 | D        | Noticed a large bag of meat
    21 | D        | Killed a large bag of meat
    21 | D        | Killed a meat berserker
    21 | D        | Noticed a meat berserker
    21 | D        | Noticed a destroyer
    22 | D        | Reached skill level 27 in Axes
    22 | D        | Noticed a meat berserker
    22 | D        | Killed a meat berserker
    23 | D        | Reached XP level 18. HP: 97/191 MP: 18/18
    23 | D        | Killed a meat berserker
    24 | D        | Reached skill level 27 in Stealth
    24 | D        | Noticed a meat berserker
    25 | D        | Killed a large bag of meat
    26 | D        | Noticed a large bag of meat
    26 | D        | Noticed a destroyer
    28 | D        | Killed a meat berserker
    28 | D        | Killed a destroyer
    28 | D        | Killed a meat berserker
    28 | D        | Killed a meat berserker
    29 | D        | Gained mutation: You are powered by pain. [demonic
                  | ancestry]
    29 | D        | Reached XP level 19. HP: 198/198 MP: 18/29
    29 | D        | Noticed an eight-headed meat hydra
    30 | D        | Noticed a meat berserker
    32 | D        | Reached skill level 10 in Invocations
    32 | D        | Killed a destroyer
    32 | D        | Noticed a meat berserker
    33 | D        | Reached XP level 20. HP: 206/206 MP: 19/32
    33 | D        | Noticed a destroyer
    33 | D        | Noticed a meat berserker
    33 | D        | Noticed a destroyer
    33 | D        | Noticed a destroyer
    36 | D        | Reached skill level 10 in Necromancy
    36 | D        | Killed a meat berserker
    36 | D        | Killed a destroyer
    36 | D        | Noticed a destroyer
    36 | D        | Noticed a destroyer
    37 | D        | Reached skill level 10 in Conjurations
    37 | D        | Reached skill level 10 in Hexes
    37 | D        | Reached skill level 10 in Summonings
    37 | D        | Reached skill level 10 in Poison Magic
    37 | D        | Reached skill level 10 in Evocations
    38 | D        | Killed a meat berserker
    39 | D        | Reached skill level 10 in Short Blades
    39 | D        | Reached skill level 10 in Long Blades
    39 | D        | Reached skill level 10 in Maces & Flails
    39 | D        | Reached skill level 10 in Polearms
    39 | D        | Reached skill level 10 in Staves
    39 | D        | Reached skill level 10 in Slings
    39 | D        | Reached skill level 10 in Bows
    39 | D        | Reached skill level 10 in Crossbows
    39 | D        | Reached skill level 10 in Throwing
    39 | D        | Reached skill level 10 in Armour
    39 | D        | Reached skill level 10 in Shields
    39 | D        | Reached skill level 10 in Spellcasting
    39 | D        | Reached skill level 10 in Translocations
    39 | D        | Reached skill level 10 in Transmutations
    39 | D        | Reached skill level 10 in Fire Magic
    39 | D        | Reached skill level 10 in Ice Magic
    39 | D        | Reached skill level 10 in Air Magic
    39 | D        | Reached skill level 10 in Earth Magic
    39 | D        | Noticed a destroyer
    39 | D        | Killed a large bag of meat
    40 | D        | Reached skill level 15 in Invocations
    40 | D        | Gained mutation: You have a tail ending in a sharp stinger.
                  | [demonic ancestry]
    40 | D        | Reached XP level 21. HP: 174/214 MP: 33/35
    40 | D        | Noticed a destroyer
    41 | D        | Killed a destroyer
    41 | D        | Killed a destroyer
    43 | D        | Killed a destroyer
    43 | D        | Killed a destroyer
    43 | D        | Noticed a destroyer
    44 | D        | Reached skill level 15 in Necromancy
    44 | D        | Gained mutation: You are completely covered in rugged brown
                  | scales. (AC +3, +7% HP) [demonic ancestry]
    44 | D        | Reached XP level 22. HP: 214/226 MP: 33/39
    44 | D        | Noticed a destroyer
    46 | D        | Reached skill level 15 in Conjurations
    46 | D        | Reached skill level 15 in Summonings
    48 | D        | Reached skill level 15 in Hexes
    48 | D        | Reached skill level 15 in Poison Magic
    48 | D        | Reached skill level 15 in Evocations
    48 | D        | Killed a destroyer
    49 | D        | Reached XP level 23. HP: 234/234 MP: 34/41
    52 | D        | Noticed an accursed
    53 | D        | Killed a destroyer
    53 | D        | Killed a destroyer
    54 | D        | Reached skill level 15 in Short Blades
    54 | D        | Reached skill level 15 in Long Blades
    54 | D        | Reached skill level 15 in Maces & Flails
    54 | D        | Reached skill level 15 in Polearms
    54 | D        | Reached skill level 15 in Staves
    54 | D        | Reached skill level 15 in Slings
    54 | D        | Reached skill level 15 in Bows
    54 | D        | Reached skill level 15 in Crossbows
    54 | D        | Reached skill level 15 in Throwing
    54 | D        | Reached skill level 15 in Armour
    54 | D        | Reached skill level 15 in Shields
    54 | D        | Reached skill level 15 in Spellcasting
    54 | D        | Reached skill level 15 in Translocations
    54 | D        | Reached skill level 15 in Transmutations
    54 | D        | Reached skill level 15 in Fire Magic
    54 | D        | Reached skill level 15 in Ice Magic
    54 | D        | Reached skill level 15 in Air Magic
    54 | D        | Reached skill level 15 in Earth Magic
    54 | D        | Noticed a tyrant
    56 | D        | Noticed an accursed
    59 | D        | Noticed a tyrant
    60 | D        | Gained mutation: You are robust. (+10% HP) [demonic
                  | ancestry]
    60 | D        | Reached XP level 24. HP: 207/265 MP: 42/43
    61 | D        | Killed an accursed
    62 | D        | Noticed a destroyer
    62 | D        | Noticed a meat beast
    63 | D        | Killed an accursed
    66 | D        | Noticed a meat beast
    67 | D        | Noticed a large bag of meat
    68 | D        | Killed a destroyer
    69 | D        | Gained mutation: You have a sharp stinger which inflicts
                  | weakening toxins. [demonic ancestry]
    69 | D        | Reached XP level 25. HP: 188/273 MP: 44/44
    69 | D        | Killed a meat beast
    69 | D        | Killed a tyrant
    71 | D        | Noticed a large bag of meat
    72 | D        | Killed a tyrant
    73 | D        | Noticed a destroyer
    74 | D        | Noticed a meat beast
    74 | D        | Noticed a meat beast
    74 | D        | Noticed a dread
    75 | D        | Gained mutation: You are very robust. (+20% HP) [demonic
                  | ancestry]
    75 | D        | Reached XP level 26. HP: 194/307 MP: 46/46
    75 | D        | Killed a destroyer
    75 | D        | Noticed a dread
    75 | D        | Noticed an accursed
    76 | D        | Killed a large bag of meat
    76 | D        | HP: 15/307 [spore (41)]
    76 | D        | Engulfed by a cloud of flame

Illustrated notes

Levels and vault maps discovered:
D:        meatsprint

Skill      XL: |  1  2  3  4  5  6  7  8  9 10 11 12 13 14 15 16 17 18 19 20 21 22 23 24 25 26 |
---------------+-------------------------------------------------------------------------------+-----
Fighting       | 17 18 21 22 24 26 27 | 27.0
Dodging        | 15 17 19 21 22 24 27 | 27.0
Stealth        | 7 9 10 11 14 21 27 | 27.0
Unarmed Combat | 15 16 19 20 22 24 27 | 27.0
Axes           | 1 4 6 9 13 22 27 | 27.0
Short Blades   | 6 8 10 13 14 16 17 19 | 19.9
Long Blades    | 6 8 10 13 14 16 17 19 | 19.9
Maces & Flails | 6 8 10 13 14 16 17 19 | 19.9
Polearms       | 6 8 10 13 14 16 17 19 | 19.9
Staves         | 6 8 10 13 14 16 17 19 | 19.9
Slings         | 6 8 10 13 14 16 17 19 | 19.9
Bows           | 6 8 10 13 14 16 17 19 | 19.9
Crossbows      | 6 8 10 13 14 16 17 19 | 19.9
Throwing       | 6 8 10 13 14 16 17 19 | 19.9
Armour         | 6 8 10 13 14 16 17 19 | 19.9
Shields        | 6 8 10 13 14 16 17 19 | 19.9
Spellcasting   | 6 8 10 13 14 16 17 19 | 19.9
Conjurations   | 7 8 11 14 15 17 19 21 | 21.5
Hexes          | 7 8 11 14 15 17 19 21 | 21.5
Summonings     | 7 8 11 14 15 17 19 21 | 21.5
Necromancy     | 8 9 12 15 17 18 20 22 23 | 23.2
Translocations | 6 8 10 13 14 16 17 19 | 19.9
Transmutations | 6 8 10 13 14 16 17 19 | 19.9
Fire Magic     | 6 8 10 13 14 16 17 19 | 19.9
Ice Magic      | 6 8 10 13 14 16 17 19 | 19.9
Air Magic      | 6 8 10 13 14 16 17 19 | 19.9
Earth Magic    | 6 8 10 13 14 16 17 19 | 19.9
Poison Magic   | 7 8 11 14 15 17 19 21 | 21.5
Invocations    | 9 11 15 17 19 22 24 26 | 26.9
Evocations     | 7 8 11 14 15 17 19 21 | 21.5

Action                   |  1- 3 |  4- 6 |  7- 9 | 10-12 | 13-15 | 16-18 | 19-21 | 22-24 | 25-27 || total
-------------------------+-------+-------+-------+-------+-------+-------+-------+-------+-------++-------
Melee: Executioner's axe |     1 |       |       |     2 |     5 |     8 |     9 |    18 |     6 ||    49
Dodge: Dodged            |       |       |       |     1 |     3 |       |       |       |       ||     4

Table legend: (Time is in decaauts)
 A = Elapsed time spent in this place.
 B = Non-inter-level travel time spent in this place.
 C = Inter-level travel time spent in this place.
 D = Time resting spent in this place.
 E = Time spent auto-exploring this place.
 F = Levels seen in this place.
 G = Mean time per level.
                   A        B        C        D        E       F      G
               +--------+--------+--------+--------+--------+-----+--------+
         Total |     74 |     74 |      0 |      0 |      0 |   1 |   74.0 |
       Dungeon |     74 |     74 |      0 |      0 |      0 |   1 |   74.0 |
               +--------+--------+--------+--------+--------+-----+--------+

Top non-repeatable levels by time:
       D: 74 daAuts
